 Dungeon Crawl Stone Soup version 0.30-a0-372-g0ce2686038 (webtiles) character file.

Game seed: 7841768227035473226

3166 Querens the Covert (level 9, -4/39 HPs)
             Began as a Spriggan Enchanter on Nov 23, 2022.
             Was a Priest of Wu Jian.
             Shot with an arrow by a centaur (7 damage)
             ... on level 8 of the Dungeon.
             The game lasted 00:26:42 (5489 turns).

Querens the Covert (Spriggan Enchanter)             Turns: 5489, Time: 00:26:42

Health: -4/39      AC:  2    Str:  4    XL:     9   Next: 63%
Magic:  17/22      EV: 17    Int: 23    God:    Wu Jian [***...]
Gold:   469        SH:  0    Dex: 19    Spells: 12/24 levels left

rFire   . . .      SeeInvis +    w - +2 dagger (speed)
rCold   . . .      Faith    .    (no shield)
rNeg    . . .      Spirit   .    b - +0 robe
rPois   .          Reflect  .    (helmet restricted)
rElec   .          Harm     .    r - scarf {shadows}
rCorr   .          Rampage  .    (gloves unavailable)
Will    +....                    (boots unavailable)
Stlth   +++++.....               (no amulet)
HPRegen 0.26/turn                y - ring of wizardry
MPRegen 0.18/turn                A - +6 ring of intelligence

@: very quick
A: very small, no large weapons, unfitting armour, see invisible, speed 3
a: Renounce Religion, Wall Jump, Serpent's Lash


You were on level 8 of the Dungeon.
You worshipped Wu Jian.
Wu Jian was most pleased with you.
You visited 2 branches of the dungeon, and saw 9 of its levels.
You also visited: Ossuary.

You collected 469 gold pieces.

Inventory:

Hand Weapons
 w - a +2 dagger of speed (weapon)
 C - a +0 dagger of electrocution
Missiles
 F - 3 curare-tipped darts (quivered)
Armour
 b - a +0 robe (worn)
 r - a scarf of shadows (worn)
Jewellery
 y - a ring of wizardry (left hand)
 A - a +6 ring of intelligence (right hand)
 E - a ring of positive energy
Wands
 h - a wand of flame (13)
 v - a wand of quicksilver (6)
 z - a wand of polymorph (7)
 G - a wand of mindburst (8)
Scrolls
 a - 2 scrolls of enchant armour {unknown}
 f - 4 scrolls of enchant weapon
 l - 2 scrolls of fear {unknown}
 m - 2 scrolls of poison {unknown}
 n - 2 scrolls of vulnerability {unknown}
 q - 3 scrolls of teleportation {unknown}
 s - 4 scrolls of butterflies {unknown}
 u - 2 scrolls of torment {unknown}
 D - a scroll of acquirement {unknown}
 H - a scroll of immolation {unknown}
 I - a scroll of magic mapping {unknown}
 J - 2 scrolls of identify
Potions
 c - 4 potions of invisibility
 d - 3 potions of mutation
 e - a potion of attraction
 g - a potion of cancellation
 i - 5 potions of magic
 j - a potion of heal wounds {unknown}
 k - a potion of lignification {unknown}
 o - 3 potions of might {unknown}
 p - a potion of ambrosia {unknown}
 t - 4 potions of haste
 x - 2 potions of curing {unknown}
 B - a potion of resistance {unknown}
 K - a potion of flight {unknown}


   Skills:
 + Level 5.6 Short Blades
 - Level 2.6 Dodging
 + Level 10.9 Stealth
 + Level 8.3 Spellcasting
 + Level 8.6 Hexes
 + Level 4.5 Ice Magic


You had 12 spell levels left.
You knew the following spells:

 Your Spells              Type           Power      Damage    Failure   Level
a - Ensorcelled Hibernat  Hex/Ice        78%        N/A       1%          2
b - Tukima's Dance        Hex            49%        N/A       1%          3
c - Confusing Touch       Hex            49%        N/A       1%          3
d - Cause Fear            Hex            24%        N/A       1%          4

Your spell library contained the following spells:

 Spells                   Type           Power      Damage    Failure   Level
 Dazzling Flash           Conj/Hex       58%        N/A       1%          3
 Inner Flame              Hex/Fire       29%        N/A       1%          3
 Passwall                 Tmut/Erth      7%         N/A       4%          2
 Ignite Poison            Fire/Tmut/Pois 9%         N/A       9%          3
 Kindle Blastsparks       Fire/Tloc/Air  18%        2d11      9%          3
 Swiftness                Air            9%         N/A       9%          3
 Yara's Violent Unravell  Hex/Tmut       14%        3d7       13%         5
 Passage of Golubria      Tloc           9%         N/A       26%         4
 Freezing Cloud           Conj/Ice/Air   8%         6-21      38%         5
 Discord                  Hex            24%        N/A       99%         8


Dungeon Overview and Level Annotations

Branches:
Dungeon (8/15)             Temple (1/1) D:6         Ossuary (visited)
   Lair: D:8-11

Altars:
Cheibriados
Dithmenos
Elyvilon
Fedhas
Gozag
Hepliaklqana
Kikubaaqudgha
Nemelex Xobeh
Okawaru
Qazlal
Ru
Trog
Uskayaw
Vehumet
Wu Jian
Xom
Zin

Shops:
D:4 :

Annotations:
D:3 drclinical's ghost, amateur DsVM
D:6 Menkaure


Innate Abilities, Weirdness & Mutations

You are very small and have problems with some larger weapons.
You are too small for most types of armour.
You have supernaturally acute eyesight. (SInv)
You cover ground extremely quickly. (Speed+++)


Message History

The hornet stings you but does no damage.
The hornet stings you.
You feel yourself slow down.
Casting: Ensorcelled Hibernation (safe; 1% risk of failure)
Confirm with . or Enter, or press ? or * to list all spells.
Aiming: Ensorcelled Hibernation (safe; 1% risk of failure)
Press: ? - help, Shift-Dir - straight line, f/p - hornet
Aim: a hornet (chance to affect: 56%)
The hornet looks drowsy...
Unknown command.
The helpless hornet fails to defend itself.
You stick the hornet like a pincushion!!!!
You kill the hornet!
The Council accepts your kill.
You feel yourself speed up.
You now have 469 gold pieces (gained 18).
You open the door.
There is an open door here.
Found a scroll of identify.
A centaur comes into view.
The centaur shouts!
The centaur wields a +0 shortbow.
The centaur shoots an arrow.
The arrow hits you!
Casting: Ensorcelled Hibernation (safe; 1% risk of failure)
Confirm with . or Enter, or press ? or * to list all spells.
Aiming: Ensorcelled Hibernation (safe; 1% risk of failure)
Press: ? - help, Shift-Dir - straight line, f - centaur
Aim: a centaur, wielding a +0 shortbow (chance to affect: 66%)
The centaur struggles to resist.
The centaur shoots an arrow.
The arrow hits you!
* * * LOW HITPOINT WARNING * * *
Unknown command.
Okay, then.
Casting: Ensorcelled Hibernation (safe; 1% risk of failure)
Confirm with . or Enter, or press ? or * to list all spells.
Aiming: Ensorcelled Hibernation (safe; 1% risk of failure)
Press: ? - help, Shift-Dir - straight line, f/p - centaur
Aim: a centaur, wielding a +0 shortbow (chance to affect: 66%)
The centaur struggles to resist.
The centaur shoots an arrow.
The arrow hits you!
You die...

. #######. #.#
#....... #.# #....c..
#.## ####.......
##...
#...@?.....#.####...#
#.##########.......#.
#..........#####..##.
#......#.#.# #..###.
#......#.#.####.## #.
#......#.#......####.
#......#.####.>......
#......#.#.....######
#......'.#.###.#


You could see a centaur.

Vanquished Creatures
  A hornet (D:8)
  Prince Ribbit (D:5)
  3 black bears
  An ice beast (D:7)
  2 sky beasts
  An ogre (D:6)
  2 orc warriors
  A phantom (D:5)
  2 kobold brigands (D:7)
  A bullfrog (D:7)
  A gnoll sergeant (D:5)
  3 necrophages (D:7)
  5 water moccasin zombies (Ossuary)
  2 wyvern zombies (D:7)
  5 wights (D:7)
  2 hounds (D:6)
  A human zombie (D:7)
  A jelly (D:4)
  2 orc priests
  Crazy Yiuf (D:4)
  4 iguanas
  3 orc wizards
  6 mummies
  2 adders (D:5)
  11 gnolls
  3 white imps
  An ufetubus (D:4)
  7 adder zombies (Ossuary)
  A worm (D:4)
  2 dart slugs
  25 orcs
  5 endoplasms
  3 giant cockroaches
  3 gnoll zombies (Ossuary)
  4 goblins
  5 hobgoblins
  4 jackals (D:2)
  3 quokkas
  4 ball pythons
  6 bats
  2 frilled lizards
  A goblin zombie (D:7)
  A hobgoblin zombie (Ossuary)
  21 kobolds
  A kobold zombie (Ossuary)
  11 orc zombies (Ossuary)
  A quokka zombie (D:7)
  7 rats
185 creatures vanquished.

Notes
Turn   | Place    | Note
-------+----------+-------------------------------------------
     0 | D:1      | Querens the Spriggan Enchanter began the quest for the Orb.
     0 | D:1      | Reached XP level 1. HP: 9/9 MP: 5/5
   108 | D:1      | Found a faded altar of an unknown god.
   159 | D:1      | Reached XP level 2. HP: 13/13 MP: 7/7
   165 | D:1      | Learned a level 2 spell: Ensorcelled Hibernation
   461 | D:1      | Reached skill level 5 in Stealth
   659 | D:2      | Reached XP level 3. HP: 14/16 MP: 3/8
  1131 | D:3      | Reached XP level 4. HP: 21/21 MP: 5/10
  1153 | D:3      | Found a hazy altar of Hepliaklqana.
  1251 | D:3      | Found a runed translucent door.
  1252 | D:3      | Noticed drclinical's ghost (amateur DsVM)
  1541 | D:3      | Reached skill level 6 in Stealth
  1552 | D:3      | Reached skill level 5 in Hexes
  1722 | D:3      | Reached XP level 5. HP: 17/24 MP: 5/12
  1908 | D:4      | Learned a level 3 spell: Tukima's Dance
  1912 | D:4      | Learned a level 3 spell: Confusing Touch
  2013 | D:4      | Noticed a phantom
  2099 | D:4      | Found a runed translucent door.
  2100 | D:4      | Noticed Crazy Yiuf
  2107 | D:4      | Killed Crazy Yiuf
  2331 | D:4      | Found Naankue's Book Shoppe.
  2606 | D:5      | Entered Level 5 of the Dungeon
  2649 | D:5      | Reached XP level 6. HP: 28/28 MP: 14/14
  2911 | D:5      | Noticed Prince Ribbit
  2924 | D:5      | Killed Prince Ribbit
  2925 | D:5      | Reached skill level 7 in Stealth
  2925 | D:5      | Reached skill level 5 in Spellcasting
  2925 | D:5      | Reached skill level 1 in Ice Magic
  2984 | D:5      | Found an iron altar of Okawaru.
  3031 | D:5      | Reached XP level 7. HP: 32/32 MP: 16/16
  3475 | D:5      | Reached skill level 8 in Stealth
  3921 | D:6      | Found a staircase to the Ecumenical Temple.
  3931 | Temple   | Entered the Ecumenical Temple
  4009 | Temple   | Became a worshipper of the Wu Jian Council
  4046 | D:6      | Noticed Menkaure
  4118 | D:6      | Reached XP level 8. HP: 36/36 MP: 12/18
  4276 | D:7      | Reached * piety under Wu Jian
  4359 | D:7      | Learned a level 4 spell: Cause Fear
  4399 | D:7      | Reached skill level 9 in Stealth
  4512 | D:7      | Found an ancient bone altar of Kikubaaqudgha.
  4602 | D:7      | Reached XP level 9. HP: 39/39 MP: 15/21
  4620 | D:7      | Reached skill level 10 in Stealth
  4962 | D:7      | Found a sand-covered staircase.
  4979 | Ossuary  | Entered an ossuary
  5003 | Ossuary  | Reached ** piety under Wu Jian
  5059 | Ossuary  | Reached skill level 5 in Short Blades
  5305 | D:7      | Reached *** piety under Wu Jian
  5489 | D:8      | Shot with an arrow by a centaur

Illustrated notes

Levels and vault maps discovered:
D:1:      matt_arrival_grand_opening, layout_basic,
          shapermc_ecumenical_altar_mp_highgroup, supply_closet_lemuel,
          minmay_misc_feat_chi, fountainhead, serial_bayou_pond_a
D:2:      layout_basic, basic_altar
D:3:      layout_basic, amcnicky_altar_gilded, serial_curves, eino_curves_01,
          eino_curves_03, hellmonk_ghost_happy_afterlife
D:4:      nicolae_cairo_tiling, layout_gridville, serial_shops,
          nicolae_shop_temple_entry_statues_fountains, uniq_crazy_yiuf_cottage
D:5:      layout_layer_cave, mainiacjoe_overflow_six_doors_small,
          uniq_prince_ribbit1
D:6:      layout_basic, temple_fountains, uniq_menkaure
D:7:      layout_basic, lemuel_mausoleum_altar_kikubaaqudgha, enter_ossuary_4,
          hex_intersection
D:8:      layout_basic, mainiacjoe_overflow_alcove_1, general_overflow_altar
Temple:   jpeg_temple_clearing

Skill      XL: |  1  2  3  4  5  6  7  8  9 |
---------------+----------------------------+-----
Spellcasting   | 3 4 5 6 7 8 |  8.3
Hexes          | 4 5 6 7 8 |  8.6
Stealth        | 5 6 7 8 9 10 | 10.9
Ice Magic      | 1 2 3 4 |  4.5
Short Blades   | 2 4 5 |  5.6
Dodging        | |  2.6

Action                   |  1- 3 |  4- 6 |  7- 9 || total
-------------------------+-------+-------+-------++-------
Melee: Dagger            |   121 |    70 |   301 ||   492
       Punch             |     2 |     1 |     6 ||     9
 Cast: Ensorcelled Hiber |    12 |    20 |    39 ||    71
       Confusing Touch   |       |       |    11 ||    11
       Cause Fear        |       |       |     1 ||     1
Invok: Lunge             |       |       |    39 ||    39
       Whirlwind         |       |       |     4 ||     4
Evoke: Wand              |       |       |     1 ||     1
  Use: Scroll            |       |       |     7 ||     7
 Stab: Sleeping          |    15 |    25 |    64 ||   104
       Confused          |       |       |    10 ||    10
       Distracted        |       |       |     1 ||     1
       Fleeing           |       |       |     1 ||     1
Armor: Robe              |    16 |     2 |    17 ||    35
Dodge: Dodged            |    79 |    34 |   102 ||   215

Table legend: (Time is in decaauts)
 A = Elapsed time spent in this place.
 B = Non-inter-level travel time spent in this place.
 C = Inter-level travel time spent in this place.
 D = Time resting spent in this place.
 E = Time spent auto-exploring this place.
 F = Levels seen in this place.
 G = Mean time per level.
                   A        B        C        D        E       F      G
               +--------+--------+--------+--------+--------+-----+--------+
         Total |   3487 |   3163 |    324 |      0 |     34 |  10 |  348.7 |
       Dungeon |   3316 |   3003 |    313 |      0 |      0 |   8 |  414.5 |
        Temple |     60 |     49 |     11 |      0 |     34 |   1 |   60.0 |
       Ossuary |    110 |    110 |      0 |      0 |      0 |   1 |  110.0 |
               +--------+--------+--------+--------+--------+-----+--------+

Top non-repeatable levels by time:
     D:5: 653 daAuts
     D:7: 577 daAuts
     D:3: 536 daAuts
     D:4: 447 daAuts
     D:1: 398 daAuts
     D:2: 317 daAuts
     D:6: 303 daAuts
 Ossuary: 110 daAuts
     D:8: 82 daAuts
  Temple: 60 daAuts
